 Dungeon Crawl Stone Soup version 0.26-a0-720-g2a1d101370 (webtiles) character file.

Game seed: 4787097648684832633

109 qwer1234 the Skirmisher (level 4, -7/41 HPs)
             Began as a Ghoul Fighter on Nov 2, 2020.
             Mangled by an orc warrior
             ... wielding a +0 flail
              (9 damage)
             ... on level 3 of the Dungeon.
             The game lasted 00:05:40 (2230 turns).

qwer1234 the Skirmisher (Ghoul Fighter)             Turns: 2230, Time: 00:05:41

Health: -7/41      AC:  9    Str: 20    XL:     4   Next: 89%
Magic:  3/3        EV:  7    Int:  3    God:
Gold:   214        SH:  8    Dex:  8    Spells: 3/3 levels left

rFire    . . .     SeeInvis .   a - +0 war axe
rCold    + . .     Faith    .   c - +0 kite shield
rNeg     + + +     Spirit   .   b - +0 scale mail
rPois    ∞         Reflect  .   o - +1 helmet
rElec    .         Harm     .   (no cloak)
rCorr    .         Rampage  .   (no gloves)
MR       .....                  i - +0 pair of boots
Stlth    ..........             l - amulet of the acrobat
HPRegen  0.00/turn              (no ring)
MPRegen  0.08/turn              (no ring)

@: mighty
A: rotting body, claws 1, cold resistance 1, negative energy resistance 3,
inhibited regeneration, torment resistance, unbreathing
a: no special abilities


You were on level 3 of the Dungeon.
You visited 1 branch of the dungeon, and saw 3 of its levels.

You collected 214 gold pieces.

Inventory:

Hand Weapons
 a - a +0 war axe (weapon)
Armour
 b - a +0 scale mail (worn)
 c - a +0 kite shield (worn)
 i - a +0 pair of boots (worn)
 o - a +1 helmet (worn)
Jewellery
 l - an amulet of the acrobat (around neck)
Scrolls
 h - 2 scrolls of identify {unknown}
 j - a scroll of amnesia {unknown}
 k - 5 scrolls of remove curse {unknown}
 n - a scroll of noise {unknown}
 r - a scroll of magic mapping {unknown}
Potions
 e - 2 potions of curing {unknown}
 f - a potion of cancellation {unknown}
 g - 2 potions of stabbing {unknown}
 m - a potion of haste {unknown}
 p - 2 potions of invisibility {unknown}
 q - a potion of mutation {unknown}


   Skills:
 * Level 4.8 Fighting
 * Level 3.3 Axes
 - Level 2.6 Armour
 - Level 2.6 Shields


You had 3 spell levels left.
You didn't know any spells.
Your spell library was empty.

Dungeon Overview and Level Annotations

Branches:
Dungeon (3/15)

Altars:
Gozag
Hepliaklqana
Kikubaaqudgha
Ru


Innate Abilities, Weirdness & Mutations

Your body is rotting away.
You thrive by killing the living.
You are immune to poison.
You have sharp fingernails.
Your flesh is cold resistant. (rC+)
You are immune to negative energy. (rN+++)
You do not regenerate when monsters are visible.
You are immune to unholy pain and torment.
You can survive without breathing.


Message History

Beogh smites you!
* * * LOW HITPOINT WARNING * * *
Something hits you but does no damage.
You feel very mighty all of a sudden.
The orc warrior hits you with a +0 flail.
* * * LOW HITPOINT WARNING * * *
You hear some strange, mumbled words.
A magic dart appears from out of thin air!
The magic dart hits you.
* * * LOW HITPOINT WARNING * * *
You barely miss the orc warrior.
The orc warrior is heavily wounded.
You slash something! You block the orc warrior's attack.
Something completely misses you. Something hits you but does no damage.
You closely miss the orc warrior.
The orc warrior is heavily wounded.
You miss something. The orc warrior barely misses you.
Something hits you but does no damage.
The orc warrior hits you with a +0 flail!
You die... ####. ##### #...# #. #...# ##. #######...## #.. ..##......# #.# #.##.##.#.# ##.# #.##.##.#.## oo#

#........... #o#
#.##.##...(#
#@#####.##.#.#..##
#.{.....##.....##
##.....###.##.##
#.....# ##.#..##
#.....# ##....##
#.....# ###.##.#
#.....# #.....#.
###.### #.....##
#.# #.....#


You could see an orc warrior, an orc priest and an orc wizard.

Vanquished Creatures
  3 adders
  An ooze (D:1)
  A worm (D:2)
  4 dart slugs
  2 leopard geckos (D:1)
  2 orcs (D:3)
  7 bats
  5 giant cockroaches
  6 goblins
  10 hobgoblins
  6 kobolds
  6 frilled lizards
  9 rats
62 creatures vanquished.

Vanquished Creatures (others)
  2 fungi (D:1)
  3 toadstools (D:1)
5 creatures vanquished.

Grand Total: 67 creatures vanquished

Notes
Turn   | Place    | Note
-------+----------+-------------------------------------------
     0 | D:1      | qwer1234 the Ghoul Fighter began the quest for the Orb.
     0 | D:1      | Reached XP level 1. HP: 19/19 MP: 0/0
    65 | D:1      | Reached XP level 2. HP: 26/26 MP: 1/1
   500 | D:1      | Reached XP level 3. HP: 29/33 MP: 2/2
   500 | D:1      | Reached skill level 4 in Fighting
  1091 | D:2      | Reached XP level 4. HP: 41/41 MP: 3/3
  1116 | D:2      | Found a sacrificial altar of Ru.
  1116 | D:2      | Found an ancient bone altar of Kikubaaqudgha.
  1119 | D:2      | Found a hazy altar of Hepliaklqana.
  1842 | D:3      | Found an opulent altar of Gozag.
  2223 | D:3      | Noticed an orc warrior
  2228 | D:3      | HP: 2/41 [something/magic dart (2)]
  2230 | D:3      | Mangled by an orc warrior

Illustrated notes

Levels and vault maps discovered:
D:1:      lightli_iron_boxes, layout_loops_ring, kennysheep_decorative_pillar,
          minmay_gold_behind_fungi
D:2:      layout_loops_ring, nicolae_overflow_hidden_temple
D:3:      layout_loops_cross, nicolae_gozag_seed_capital

Skill      XL: |  1  2  3  4 |
---------------+-------------+-----
Axes           | 2 3 |  3.3
Fighting       | 4 |  4.8
Armour         | |  2.6
Shields        | |  2.6

Action                   |  1- 3 |  4- 6 || total
-------------------------+-------+-------++-------
Melee: War axe           |   112 |   111 ||   223
  Use: Potion            |       |     1 ||     1
Armor: Scale mail        |    63 |    59 ||   122
Dodge: Dodged            |    41 |    43 ||    84
Block: Kite shield       |    77 |    51 ||   128

Table legend: (Time is in decaauts)
 A = Elapsed time spent in this place.
 B = Non-inter-level travel time spent in this place.
 C = Inter-level travel time spent in this place.
 D = Time resting spent in this place.
 E = Time spent auto-exploring this place.
 F = Levels seen in this place.
 G = Mean time per level.
                   A        B        C        D        E       F      G
               +--------+--------+--------+--------+--------+-----+--------+
         Total |   2328 |   2236 |     92 |      0 |   1491 |   3 |  776.0 |
       Dungeon |   2328 |   2236 |     92 |      0 |   1491 |   3 |  776.0 |
               +--------+--------+--------+--------+--------+-----+--------+

Top non-repeatable levels by time:
     D:1: 983 daAuts
     D:2: 819 daAuts
     D:3: 525 daAuts
